 Dungeon Crawl Stone Soup version 0.25.1-2-g60ff931df9 (webtiles) character file.

Game seed: 1033447508465526955

190 Requim the Shield-Bearer (level 5, -2/33 HPs)
             Began as a Gargoyle Fighter on Aug 16, 2020.
             Slain by an ogre
             ... wielding a +0 giant spiked club
              (15 damage)
             ... on level 4 of the Dungeon.
             The game lasted 00:15:27 (2390 turns).

Requim the Shield-Bearer (Gargoyle Fighter)         Turns: 2390, Time: 00:15:28

Health: -2/33      AC: 11    Str: 19    XL:     5   Next: 69%
Magic:  5/5        EV:  8    Int:  9    God:
Gold:   168        SH: 10    Dex: 10    Spells: 4/4 levels left

rFire    . . .     SeeInvis .   a - +0 flail
rCold    . . .     Gourm    .   c - +1 kite shield
rNeg     + . .     Faith    .   b - +0 scale mail
rPois    ∞         Spirit   .   (no helmet)
rElec    +         Reflect  .   (no cloak)
rCorr    .         Harm     .   (no gloves)
MR       .....                  (no boots)
Stlth    ..........             (no amulet)
HPRegen  0.11/turn              (no ring)
MPRegen  0.09/turn              (no ring)

@: no status effects
A: negative energy resistance 1, electricity resistance, unbreathing,
petrification resistance, rot immunity, AC +4
a: no special abilities


You were on level 4 of the Dungeon.
You were not hungry.

You visited 1 branch of the dungeon, and saw 4 of its levels.

You collected 168 gold pieces.

Inventory:

Hand Weapons
 a - a +0 flail (weapon)
Armour
 b - a +0 scale mail (worn)
 c - a +1 kite shield (worn)
Jewellery
 e - an uncursed ring of ice
 g - an uncursed ring of positive energy {unknown}
 k - an uncursed ring of protection from fire {unknown}
Scrolls
 f - 2 scrolls of blinking {unknown}
 j - a scroll of fear
 l - a scroll of remove curse
Potions
 h - 2 potions of flight
Comestibles
 i - 5 rations


   Skills:
 + Level 3.8 Fighting
 + Level 3.9 Maces & Flails
 + Level 3.7 Armour
 + Level 1.3 Dodging
 + Level 0.1 Stealth
 + Level 4.4 Shields


You had 4 spell levels left.
You didn't know any spells.
Your spell library was empty.

Dungeon Overview and Level Annotations

Branches:
Dungeon (4/15)
 Temple: D:4-7

Altars:
Ashenzari
Cheibriados
Dithmenos
Elyvilon
Fedhas
Gozag
Kikubaaqudgha
Trog
The Shining One


Innate Abilities, Weirdness & Mutations

You are resistant to torment.
Your stone body is resilient. (AC +4)
You are immune to poison.
You resist negative energy. (rN+)
You are resistant to electric shocks. (rElec)
You can survive without breathing.
You are immune to petrification.
You are immune to rotting.


Message History

You are starting to lose your buoyancy.
You start resting.
You float gracefully downwards.
You start resting.
You feel a little less mighty now.
You start resting.
An orc comes into view. It is wielding a +0 short sword.
The orc shouts!
You thump the orc!
You kill the orc!
You see here a +0 short sword.
An orc comes into view. It is wielding a +0 club.
The orc shouts!
An ogre comes into view. It is wielding a +0 giant spiked club.
There are monsters nearby!
You block the orc's attack.
You thump the orc!
You kill the orc!
The ogre hits you with a +0 giant spiked club!
You die...

############
####......#...#
##.#.....#.#(..###
.......#.#.......#
.................#######
.......#.#.†.#..<.......
.......O.#......########
.......)@..#...##
##.##.#######.## .. #.#
## #.# #+#


You could see an ogre.

Vanquished Creatures
  A water moccasin skeleton (D:2)
  An orc priest (D:4)
  2 adders (D:2)
  4 worms
  3 dart slugs (D:1)
  5 leopard geckos
  4 orcs (D:4)
  A ball python (D:3)
  A giant cockroach (D:2)
  9 goblins
  8 hobgoblins
  3 jackals (D:1)
  11 bats
  2 frilled lizards
  7 kobolds
  12 rats
74 creatures vanquished.

Notes
Turn   | Place    | Note
-------+----------+-------------------------------------------
     0 | D:1      | Requim the Gargoyle Fighter began the quest for the Orb.
     0 | D:1      | Reached XP level 1. HP: 14/14 MP: 1/1
   174 | D:1      | Reached XP level 2. HP: 19/19 MP: 2/2
   416 | D:1      | Reached XP level 3. HP: 23/23 MP: 3/3
   776 | D:2      | Reached skill level 4 in Shields
  1140 | D:2      | Found a snail-covered altar of Cheibriados.
  1162 | D:2      | Reached skill level 1 in Dodging
  1162 | D:2      | Reached XP level 4. HP: 29/29 MP: 4/4
  1353 | D:2      | Reached XP level 5. HP: 25/33 MP: 5/5
  1550 | D:2      | Found a shattered altar of Ashenzari.
  1847 | D:3      | Found an opulent altar of Gozag.
  1849 | D:3      | Found a white marble altar of Elyvilon.
  1849 | D:3      | Found a shadowy altar of Dithmenos.
  1849 | D:3      | Found a blossoming altar of Fedhas.
  1853 | D:3      | Found a glowing golden altar of the Shining One.
  1856 | D:3      | Found a bloodstained altar of Trog.
  1923 | D:3      | Found an ancient bone altar of Kikubaaqudgha.
  1985 | D:3      | Found a faded altar of an unknown god.
  2387 | D:4      | Noticed an ogre
  2390 | D:4      | Slain by an ogre

Illustrated notes

Levels and vault maps discovered:
D:1:      dpeg_arrival_another_circle, layout_rooms, chequers_avenue
D:2:      layout_loops_ring, nicolae_ashenzari_panopticon, cheibriados_altar_1,
          first_ration
D:3:      layout_loops_ring, lemuel_doored_altar, grunt_temple_overflow_open,
          chequers_ecumenical_altar_simple_redux
D:4:      layout_loops_corners, kennysheep_little_box, minmay_temple_entry_glass

Skill      XL: |  1  2  3 |
---------------+----------+-----
Shields        | 4 |  4.4
Maces & Flails | 3 |  3.9
Dodging        | 1 |  1.3
Fighting       | |  3.8
Armour         | |  3.7
Stealth        | |  0.1

Action                   |  1- 3 |  4- 6 || total
-------------------------+-------+-------++-------
Melee: Flail             |   160 |   127 ||   287
  Use: Scroll            |     1 |     4 ||     5
       Potion            |       |     2 ||     2
  Eat: Ration            |     2 |       ||     2
Armor: Scale mail        |    88 |    60 ||   148
Dodge: Dodged            |    56 |    33 ||    89
Block: Kite shield       |    87 |    85 ||   172
